 Dungeon Crawl Stone Soup version 0.29-a0-551-gffc1d7fb78 (webtiles) character file.

Game seed: 13730502492813364196

35 vulpzor the Stinger (level 3, 0/19 HPs)
             Began as a Tengu Venom Mage on June 5, 2022.
             Was a Follower of Cheibriados.
             Succumbed to an adder's poison
             ... on level 2 of the Dungeon.
             The game lasted 00:08:54 (1522 turns).

vulpzor the Stinger (Tengu Venom Mage)              Turns: 1522, Time: 00:08:54

Health: 0/19       AC:  2    Str: 10    XL:     3   Next: 35%
Magic:  7/8        EV: 13    Int: 17    God:    Cheibriados [*.....]
Gold:   71         SH:  0    Dex: 18    Spells: 4/7 levels left

rFire   . . .      SeeInvis .   i - +0 whip (drain)
rCold   . . .      Faith    .   (no shield)
rNeg    . . .      Spirit   .   a - +0 robe
rPois   .          Reflect  .   (helmet restricted)
rElec   .          Harm     .   (no cloak)
rCorr   .          Rampage  .   (no gloves)
Will    .....                   (boots unavailable)
Stlth   ++........              (no amulet)
HPRegen 0.06/turn               (no ring)
MPRegen 0.11/turn               (no ring)

@: lethally poisoned (0 -> -1), attractive, hasted, invisible, quick
A: beak, talons 3
a: Renounce Religion, Bend Time


You were on level 2 of the Dungeon.
You worshipped Cheibriados.
Cheibriados was aware of your devotion.
You visited 1 branch of the dungeon, and saw 2 of its levels.

You collected 71 gold pieces.

Inventory:

Hand Weapons
 g - a +0 dagger of speed
 i - a +0 whip of draining (weapon)
Armour
 a - a +0 robe (worn)
 c - a +0 helmet
Jewellery
 h - an amulet of faith
Scrolls
 d - a scroll of immolation
Potions
 b - a potion of haste


   Skills:
 + Level 2.3 Dodging
 + Level 2.1 Stealth
 + Level 2.6 Spellcasting
 + Level 0.8 Transmutations
 + Level 3.6 Poison Magic


You had 4 spell levels left.
You knew the following spells:

 Your Spells              Type           Power      Damage    Failure   Level
a - Sting                 Tmut/Pois      36%        1d4       8%          1
b - Poisonous Vapours     Pois/Air       16%        N/A       13%         2

Your spell library contained the following spells:

 Spells                   Type           Power      Damage    Failure   Level
 Mephitic Cloud           Conj/Pois/Air  6%         N/A       32%         3
 Olgreb's Toxic Radiance  Pois           14%        N/A       38%         4
 Ozocubu's Armour         Ice            2%         N/A       50%         3
 Ozocubu's Refrigeration  Ice            1%         4d5       100%        7


Dungeon Overview and Level Annotations

Branches:
Dungeon (2/15)

Altars:
Cheibriados


Innate Abilities, Weirdness & Mutations

You have a beak for a mouth.
You have claws for feet.


Message History

You feel sick. The adder bites you.
You barely miss the adder. You claw the adder.
The adder is almost dead.
You feel sick. The adder bites you.
You are more poisoned.
The adder poisons you! The adder bites you.
Casting: Sting (safe; 8% risk of failure)
Confirm with . or Enter, or press ? or * to list all spells.
Aiming: Sting (safe; 8% risk of failure)
Press: ? - help, Shift-Dir - straight line, f - adder
Aim: an adder (almost dead, 48% to hit)
The sting hits the adder.
The adder is poisoned.
You kill the adder!
Cheibriados thoroughly appreciates the change of pace.
You feel sick.
* * * LOW HITPOINT WARNING * * *
You feel sick.
It was a potion of haste.
You feel yourself speed up.
Cheibriados forgives your accidental hurry, just this once.
* * * LOW HITPOINT WARNING * * *
You feel sick.
It was a potion of attraction.
You feel attractive to monsters.
* * * LOW HITPOINT WARNING * * *
You feel sick.
It was a potion of invisibility.
You fade into invisibility!
* * * LOW HITPOINT WARNING * * *
You feel sick.
As you read the scroll labelled DUARI IMITO, it crumbles to dust.
You feel strangely unstable.
It was a scroll of teleportation.
* * * LOW HITPOINT WARNING * * *
You feel sick.
* * * LOW HITPOINT WARNING * * *
You feel sick.
You see here a +0 helmet.
c - a +0 helmet Your surroundings suddenly seem different.
A goblin comes into view. It is wielding a +0 club.
You die...

# . .# #.#
...
####.####
#.......#
#.@...#
#.g.....#
#.........
#.......##
#.#.#.#.#
#. .... #
## .. ##
..#


You could see a goblin (asleep).

Vanquished Creatures
  An adder (D:2)
  A dart slug (D:1)
  2 bats (D:1)
  An endoplasm (D:1)
  A giant cockroach (D:1)
  5 goblins
  A hobgoblin (D:1)
  2 quokkas (D:1)
  A frilled lizard (D:1)
  4 kobolds (D:1)
  4 rats
23 creatures vanquished.

Notes
Turn   | Place    | Note
-------+----------+-------------------------------------------
     0 | D:1      | vulpzor the Tengu Venom Mage began the quest for the Orb.
     0 | D:1      | Reached XP level 1. HP: 10/10 MP: 4/4
   152 | D:1      | Reached XP level 2. HP: 5/15 MP: 3/6
   214 | D:1      | Learned a level 2 spell: Poisonous Vapours
  1075 | D:1      | Found a faded altar of an unknown god.
  1080 | D:1      | Prayed at the altar of an unknown god.
  1080 | D:1      | Became a worshipper of Cheibriados the Contemplative
  1080 | D:1      | Reached * piety under Cheibriados
  1479 | D:2      | Reached XP level 3. HP: 19/19 MP: 7/7
  1522 | D:2      | Succumbed to an adder's poison

Illustrated notes

Levels and vault maps discovered:
D:1:      eino_arrival_water_cross, layout_basic,
          shapermc_ecumenical_altar_petra
D:2:      cheibrodos_helix_gallery, layout_loops_corners, serial_shops,
          nicolae_shop_behind_doors, grunt_decor_arrowhead,
          corexii_item_surrounded_by_moat, hangedman_abyss_or_decor_stabs,
          nicolae_shop_unique_rings, grunt_decor_resistance, minmay_domino_2,
          uniq_natasha

Action                   || total
-------------------------++-------
Melee: Unarmed           ||    12
       Kick              ||     6
       Dagger            ||     2
       Whip              ||     8
       Peck              ||     1
 Cast: Sting             ||    20
  Use: Potion            ||     4
       Scroll            ||     3
Armor: Robe              ||     8
Dodge: Dodged            ||    20

Table legend: (Time is in decaauts)
 A = Elapsed time spent in this place.
 B = Non-inter-level travel time spent in this place.
 C = Inter-level travel time spent in this place.
 D = Time resting spent in this place.
 E = Time spent auto-exploring this place.
 F = Levels seen in this place.
 G = Mean time per level.
                   A        B        C        D        E       F      G
               +--------+--------+--------+--------+--------+-----+--------+
         Total |   1674 |   1674 |      0 |    274 |    464 |   2 |  837.0 |
       Dungeon |   1674 |   1674 |      0 |    274 |    464 |   2 |  837.0 |
               +--------+--------+--------+--------+--------+-----+--------+

Top non-repeatable levels by time:
     D:1: 1543 daAuts
     D:2: 131 daAuts
